Unix NetHack Version 3.7.0-69 Work-in-progress - last build Jan 17 2023 02:48:11 (52afb19a5a75bd13c37bd07f7a1a2262d275dfea,branch:master). Game began 2023-01-20 01:46:35, ended 2023-01-20 10:55:00. Gandelf, neutral male human Monk ------- -------- ####.......# |......| ---------- ------- # ### |.....|# |......| ##.....@&..| |.....| ---.- # -------# |......-#####|.>..&.&.| |.....-# |<..-## # |......| ##.........| ------ |.....|# |...| # |......| |........| .....| -------# |.(.| # |....... ----|-----# |....| # ---.- # -|------ #############.....| # ### # # ## ----.- # # # # # # # # ## # #### # ## # #-----.------ ---.-# ## #-----|---------- #|%.........| |...|## ### #|..............| #...........| |...-# -|--|- #|..............| |..........| |...|# |....| #...............| ------------ -----### |.%..| |..............| # |....| ---------------- #####.....| ---+-- Gandelf the Initiate St:18 Dx:11 Co:12 In:11 Wi:16 Ch:9 Neutral S:4198 Dlvl:1 $:918 HP:0(53) Pw:38(38) AC:1 Xp:7/740 T:2435 Burdened Latest messages: The water demon drinks an emerald potion! The water demon is suddenly moving faster. The water demon just misses! The water demon hits! The water demon just misses! The water demon swings his crossbow. The water demon just misses! The water demon hits! The water demon bites! It misses the water demon. You miss the water demon. The water demon hits! The water demon hits! The water demon bites! The water demon just misses! The water demon hits! The water demon bites! The water demon swings his crossbow. The water demon hits! The water demon hits! The water demon bites! It misses the water demon. It misses the water demon. What do you want to read? [clmsv-yAD-FQUWZ or ?*] ? As you read the scroll, it disappears. You escaped the shop without paying! You stole 85 zorkmids worth of merchandise. An alarm sounds! You hear the shrill sound of guards' whistles. The Keystone Kops are after you! You materialize on a different level! The water demon hits! The water demon hits! The water demon bites! The water demon swings his crossbow. The water demon hits! The water demon hits! The water demon bites! Enrobwem zaps a spiked wand! The wand hits you! You hear the howling of the CwnAnnwn... Enrobwem zaps a spiked wand! The wand hits you! You die... Enrobwem takes the 85 zorkmids you owed him. Do you want your possessions identified? [ynq] (y) y Do you want to see your attributes? [ynq] (y) y Do you want an account of creatures vanquished? [ynaq] (y) y Do you want to see your conduct and achievements? [ynq] (y) y Do you want to see the dungeon overview? [ynq] (y) y Inventory: Coins $ - 918 gold pieces Armor C - an uncursed +1 dwarvish iron helm (being worn) a - an uncursed rotted +2 pair of leather gloves (being worn) P - a cursed +0 pair of iron shoes (being worn) M - a cursed rotted +0 small shield (being worn) b - an uncursed rotted +1 robe (being worn) O - a cursed +0 robe Comestibles h - 2 uncursed apples G - an uncursed clove of garlic j - 2 uncursed fortune cookies i - 5 uncursed oranges H - a cursed sprig of wolfsbane n - an uncursed tripe ration t - an uncursed tripe ration Scrolls F - 4 uncursed scrolls of blank paper v - an uncursed scroll of enchant armor U - a cursed scroll of fire s - a blessed scroll of gold detection y - 2 uncursed scrolls of identify E - 2 cursed scrolls of identify W - a cursed scroll of identify A - 2 uncursed scrolls of teleportation Spellbooks l - an uncursed spellbook of clairvoyance w - an uncursed spellbook of cure blindness c - a blessed spellbook of healing m - an uncursed spellbook of healing Z - an uncursed spellbook of light Q - a cursed spellbook of light x - a cursed spellbook of slow monster Potions g - a cursed potion of confusion T - a cursed potion of extra healing d - a cursed diluted potion of object detection k - a cursed potion of paralysis f - 12 potions of holy water Rings q - a cursed ring of aggravate monster V - an uncursed ring of poison resistance Wands o - a wand of lightning (0:3) z - a wand of nothing (0:14) u - a cursed wand of nothing (0:12) Tools R - an expensive camera (0:52) J - a cursed oil lamp B - an uncursed skeleton key p - a cursed skeleton key I - an uncursed towel L - a cursed towel Gems/Stones S - an uncursed worthless piece of black glass X - an uncursed worthless piece of blue glass e - 2 uncursed worthless pieces of violet glass Y - an uncursed worthless piece of yellow glass Gandelf the Monk's attributes: Background: You were an Initiate, a level 7 male human Monk. You were neutral, on a mission for Chih Sung-tzu who was opposed by Shan Lai Ching (lawful) and Huan Ti (chaotic). You were in the Dungeons of Doom, on level 1. You entered the dungeon 2435 turns ago. You had 740 experience points, 540 more were needed to attain level 8. Your score was 4198 before end-of-game adjustments. Basics: You had 0 out of 53 hit points. You had all 38 energy points (spell power). Your armor class was 1. Your wallet contained 918 zorkmids. Autopickup was on for '$?!+/=' plus thrown. Final Characteristics: Your strength was 18 (limit:18/100). Your dexterity was 11 (limit:18). Your constitution was 12 (limit:18). Your intelligence was 11 (limit:18). Your wisdom was 16 (limit:18). Your charisma was 9 (limit:18). Final Status: You were not hungry. You were burdened; movement was slightly slowed. You were empty handed. You were skilled in martial arts. Final Attributes: You were piously aligned. You were sleep resistant. You were poison resistant. You saw invisible. You were warned. You were stealthy. You were guarded. You were fast. You are dead. Miscellaneous: You encountered 2 bones levels. Total elapsed playing time was 23 minutes and 31 seconds. Major events: Turn 1: Gandelf the neutral male human Monk entered the dungeon 440: entered the Gnomish Mines 727: attained the rank of Novice (level 3) 727: destroyed Goran's ghost, the former Acolyte 1293: attained the rank of Initiate (level 6) 1903: reached Mine Town 2169: destroyed nurdglaw's ghost, the former Wanderer 2435: stole 85 zorkmids worth of merchandise from Enrobwem's hardware store 2435: killed by a wand Vanquished creatures: 2 ghosts 2 water demons a quivering blob a brown pudding a dog a jaguar 2 Mordor orcs 9 gnome leaders a gray ooze 2 giant ants a little dog 9 dwarves a giant bat 2 orc zombies an iguana a hobbit a giant rat a brown mold 19 gnomes 2 garter snakes a jackal 2 foxes a kobold a sewer rat 2 grid bugs 2 lichens 4 kobold zombies 5 newts 78 creatures vanquished. No species were genocided or became extinct. Voluntary challenges: You were vegetarian. You never hit with a wielded weapon. You read items or engraved 4 times. You never engraved Elbereth. You never genocided any monsters. You never polymorphed an object. You never changed form. You used no wishes. Achievements: You entered the Gnomish Mines. You attained the rank of Novice. You attained the rank of Initiate. You entered Minetown. You entered a temple. You entered a shop. The Dungeons of Doom: levels 1 to 3 Level 1: <- You were here. Final resting place for you, killed by a wand. Level 2: Some fountains. Stairs down to The Gnomish Mines. Level 3: A fountain. The Gnomish Mines: levels 3 to 7 Level 3: A grave. Final resting place for Goran-Pri-Hum-Mal-Neu, killed by an arrow. Level 4: Level 5: Level 6: Some shops, a temple to Chih Sung-tzu, many fountains, a grave. Final resting place for nurdglaw-Cav-Gno-Fem-Neu, killed by a wolf. Level 7: Game over: ---------- / \ / REST \ / IN \ / PEACE \ / \ | Gandelf | | 918 Au | | killed by a wand | | | | | | | | 2023 | *| * * * | * _________)/\\_//(\/(/\)/\//\/|_)_______ Goodbye Gandelf the Monk... You died in The Dungeons of Doom on dungeon level 1 with 4107 points, and 918 pieces of gold, after 2435 moves. You were level 7 with a maximum of 53 hit points when you died.